 Dungeon Crawl Stone Soup version 0.26-a0-835-g8259106e14 (webtiles) character file.

Game seed: 621604481351739308

4380 2tc the Basher (level 10, -3/53 HPs)
             Began as a Gargoyle Gladiator on Nov 17, 2020.
             Was a Believer of Makhleb.
             Slain by a cane toad (14 damage)
             ... on level 8 of the Dungeon.
             The game lasted 00:37:26 (13279 turns).

2tc the Basher (Gargoyle Gladiator)                Turns: 13279, Time: 00:37:26

Health: -3/53      AC: 13    Str: 16    XL:     10   Next: 35%
Magic:  12/12      EV: 12    Int: 19    God:    Makhleb [**....]
Gold:   708        SH:  0    Dex: 14    Spells: 7/9 levels left

rFire    + . .     SeeInvis +   a - +0 whip
rCold    . . .     Faith    .   (no shield)
rNeg     + . .     Spirit   .   H - +0 leather armour
rPois    ∞         Reflect  .   c - +1 helmet
rElec    +         Harm     .   (no cloak)
rCorr    .         Rampage  .   o - +0 pair of gloves
MR       .....                  (no boots)
Stlth    +.........             (no amulet)
HPRegen  0.17/turn              m - ring of see invisible
MPRegen  0.13/turn              u - ring of Vaiqy {rF+ Str-3 Int+8 Dex+3 Slay+4}

@: mighty, studying Earth Magic
A: negative energy resistance 1, electricity resistance, unbreathing,
petrification resistance, rot immunity, AC +7
a: Minor Destruction, Renounce Religion


You were on level 8 of the Dungeon.
You worshipped Makhleb.
Makhleb was pleased with you.
You visited 3 branches of the dungeon, and saw 13 of its levels.
You also visited: Sewer.

You collected 708 gold pieces.

Inventory:

Hand Weapons
 a - a +0 whip (weapon)
 b - a +0 hunting sling of flaming
 B - a +0 flail
Missiles
 d - 3 throwing nets (quivered)
 I - 21 sling bullets
Armour
 c - a +1 helmet (worn)
 o - a +0 pair of gloves (worn)
 r - a +0 buckler
 H - a +0 leather armour (worn)
Magical Staves
 E - an uncursed staff of conjuration
Jewellery
 f - an uncursed ring of ice
 m - a ring of see invisible (left hand)
 u - the ring of Vaiqy (right hand) {rF+ Str-3 Int+8 Dex+3 Slay+4}
   (You found it on level 7 of the Dungeon)

   [ring of slaying]

   It affects your strength (-3).
   It affects your intelligence (+8).
   It affects your dexterity (+3).
   It affects your accuracy and damage with ranged weapons and melee attacks
   (+4).
   It protects you from fire.
 y - an uncursed ring of positive energy {unknown}
Wands
 h - a wand of disintegration (1)
 A - a wand of iceblast (3)
 C - a wand of polymorph (4)
 G - a wand of random effects (15)
Scrolls
 g - 2 scrolls of teleportation
 n - 9 scrolls of remove curse
 F - a scroll of identify
Potions
 e - 4 potions of mutation
 j - a potion of experience {unknown}
 l - a potion of cancellation {unknown}
 p - 4 potions of curing
 q - a potion of brilliance {unknown}
 t - a potion of attraction {unknown}
 w - 3 potions of flight
 x - 2 potions of might
 z - a potion of lignification
 D - a potion of invisibility {unknown}
Books
 v - a manual of Earth Magic


   Skills:
 - Level 2.1 Fighting
 - Level 14.0 Maces & Flails
 - Level 1.7 Throwing
 - Level 2.4 Dodging
 + Level 3.9 Invocations


You had 7 spell levels left.
You knew the following spells:

 Your Spells              Type           Power        Failure   Level
a - Wereblood             Tmut           #.......     36%         2

Your spell library contained the following spells:

 Spells                   Type           Power        Failure   Level
 Beastly Appendage        Tmut           #.....       26%         1
 Shock                    Conj/Air       #...         26%         1
 Swiftness                Air            #.......     36%         2
 Spider Form              Tmut/Pois      #.........   58%         3
 Static Discharge         Conj/Air       #.......     58%         3
 Airstrike                Air            #.........   94%         4
 Ice Form                 Ice/Tmut       #.......     94%         4
 Blade Hands              Tmut           #.........   100%        5
 Lightning Bolt           Conj/Air       #.........   100%        5


Dungeon Overview and Level Annotations

Branches:
Dungeon (11/15)            Temple (1/1) D:4            Lair (1/6) D:8
    Orc (0/2) D:10          Sewer (visited)

Altars:
Ashenzari
Cheibriados
Dithmenos
Elyvilon
Fedhas
Gozag
Hepliaklqana
Kikubaaqudgha
Makhleb
Nemelex Xobeh
Okawaru
Qazlal
Ru
Sif Muna
Trog
Uskayaw
Vehumet
Wu Jian
Xom
Yredelemnul
Zin
The Shining One

Shops:
D:4 [[}(   D:5 [

Annotations:
D:11 Psyche


Innate Abilities, Weirdness & Mutations

You are resistant to torment.
Your stone body is resilient. (AC +7)
You are immune to poison.
You resist negative energy. (rN+)
You are resistant to electric shocks. (rElec)
You can survive without breathing.
You are immune to petrification.
You are immune to rotting.


Message History

The cane toad stings you but does no damage.
You closely miss the cane toad.
The cane toad is almost dead.
The cane toad stings you!
You barely miss the cane toad.
The cane toad is almost dead.
Press: ? - help, Shift-Dir - straight line, f/p - cane toad
Aim: a cane toad (almost dead)
The zap hits the cane toad.
The cane toad is almost dead.
The cane toad stings you.
* * * LOW HITPOINT WARNING * * *
Press: ? - help, Shift-Dir - straight line, f/p - cane toad
Aim: a cane toad (almost dead)
The zap misses the cane toad.
The cane toad barely misses you. The cane toad misses you.
Press: ? - help, Shift-Dir - straight line, f/p - cane toad
Aim: a cane toad (almost dead)
You fail to use your ability.
The cane toad stings you!
You die...

#.# #.#####.....# #####
#.#######.#.......#.#
.......##.#.###...###
.......##.####.....############
.......##>..#....P..#.........#
.......######..P....#########.#
.......# #..................#
.......# ##...............#..#
.......# #.....@.....####.#..#
.......####......F....#....#..#
......................#.##.#..#
.......######....P..#......#..#
....[).# #..P....##...###..#
.......#######.....##...).[...#
###.........###...####....<...###
#.############.#####...##.....#
#.# ####...........#####.###.#


You could see a cane toad.

Vanquished Creatures
  Joseph (Lair:1)
  An elephant (D:8)
  A cane toad (Lair:1)
  4 wyverns
  A basilisk (D:8)
  2 water moccasins
  2 orc warriors
  An ogre (D:8)
  2 black bears (D:8)
  2 centaurs (D:5)
  2 big kobolds
  4 bullfrogs
  A water moccasin skeleton (D:9)
  4 scorpions
  An electric eel (Lair:1)
  3 howler monkeys (D:7)
  2 jellies (D:10)
  A quasit (D:10)
  6 hounds
  4 orc wizards
  3 orc priests
  A bullfrog skeleton (D:5)
  A gnoll shaman (D:10)
  8 worker ants
  A hound zombie (D:5)
  A worker ant zombie (D:5)
  Robin (D:3)
  5 gnolls (D:10)
  A howler monkey skeleton (D:4)
  9 adders
  3 river rats (Sewer)
  2 white imps
  3 ufetubi
  2 oozes (D:1)
  2 adder zombies
  3 adder skeletons
  4 worms
  2 dart slugs
  The ghost of Descartes the Sneak, a weakling FeDe (D:5)
  4 leopard geckos
  27 orcs
  8 bats
  A bat skeleton (D:2)
  4 giant cockroaches
  11 hobgoblins
  9 jackals
  3 quokkas
  2 ball pythons
  2 ball python skeletons (D:2)
  A frilled lizard (D:1)
  20 goblins
  A jackal skeleton (D:6)
  21 kobolds
  A leopard gecko skeleton (D:5)
  A leopard gecko zombie (D:5)
  A quokka zombie (D:2)
  9 rats
224 creatures vanquished.

Vanquished Creatures (others)
  A fungus (Lair:1)
  3 plants (Lair:1)
  A withered plant (D:2)
5 creatures vanquished.

Grand Total: 229 creatures vanquished

Notes
Turn   | Place    | Note
-------+----------+-------------------------------------------
     0 | D:1      | 2tc the Gargoyle Gladiator began the quest for the Orb.
     0 | D:1      | Reached XP level 1. HP: 12/12 MP: 1/1
   315 | D:1      | Reached XP level 2. HP: 17/17 MP: 2/2
   599 | D:1      | Reached skill level 4 in Maces & Flails
   669 | D:1      | Reached XP level 3. HP: 21/21 MP: 3/3
  1418 | D:1      | Reached XP level 4. HP: 22/26 MP: 4/4
  1626 | D:2      | Reached skill level 5 in Maces & Flails
  2270 | D:3      | Found a bloodstained altar of Trog.
  2367 | D:3      | Reached XP level 5. HP: 30/30 MP: 5/5
  2370 | D:3      | Noticed Robin
  2379 | D:3      | Killed Robin
  2380 | D:3      | Reached skill level 6 in Maces & Flails
  2646 | D:3      | Reached XP level 6. HP: 17/35 MP: 6/6
  3017 | D:3      | Found a shimmering altar of Xom.
  3427 | D:4      | Reached skill level 7 in Maces & Flails
  3458 | D:4      | Found Fawnoohu's Weapon Emporium.
  3461 | D:4      | Found a sacrificial altar of Ru.
  3506 | D:4      | Found Plog's Gadget Shop.
  3550 | D:4      | Found Dips's Armour Boutique.
  3573 | D:4      | Found Siurphea's Antique Armour Shop.
  3717 | D:4      | Found a staircase to the Ecumenical Temple.
  3725 | Temple   | Entered the Ecumenical Temple
  3945 | Temple   | Became a worshipper of Makhleb the Destroyer
  4314 | D:4      | Reached XP level 7. HP: 20/40 MP: 7/7
  5029 | D:5      | Entered Level 5 of the Dungeon
  5334 | D:5      | Found a runed translucent gate.
  5334 | D:5      | Found a runed translucent gate.
  5335 | D:5      | Found a runed translucent gate.
  5336 | D:5      | Noticed Descartes's ghost (weakling FeDe)
  5356 | D:5      | Killed Descartes's ghost
  5359 | D:5      | Reached skill level 8 in Maces & Flails
  5360 | D:5      | Reached * piety under Makhleb
  5522 | D:5      | Learned a level 2 spell: Wereblood
  5748 | D:5      | Found Fiysuem's Antique Armour Shop.
  5899 | D:5      | Identified a scroll of acquirement
  5899 | D:5      | Acquired a manual of Earth Magic
  6236 | D:5      | Reached skill level 9 in Maces & Flails
  6998 | D:6      | Found a glowing drain.
  7003 | Sewer    | Entered a sewer
  7030 | Sewer    | Reached XP level 8. HP: 19/44 MP: 8/8
  7323 | Sewer    | Found a white marble altar of Elyvilon.
  8001 | D:6      | Reached skill level 10 in Maces & Flails
  8941 | D:7      | Got a vibrating iron ring
  8942 | D:7      | Identified the ring of Vaiqy {rF+ Str-3 Int+8 Dex+3 Slay+4}
                  | (You found it on level 7 of the Dungeon)
  9009 | D:8      | Noticed an elephant
  9009 | D:8      | Noticed a wyvern
  9439 | D:8      | Noticed a wyvern
  9446 | D:8      | Killed a wyvern
  9446 | D:8      | Reached ** piety under Makhleb
  9533 | D:8      | Reached skill level 11 in Maces & Flails
  9583 | D:8      | Reached XP level 9. HP: 48/48 MP: 9/9
  9604 | D:8      | Found a staircase to the Lair.
  9636 | D:8      | Killed an elephant
  9637 | D:8      | Reached skill level 12 in Maces & Flails
 10825 | D:9      | Reached skill level 13 in Maces & Flails
 11162 | D:10     | Entered Level 10 of the Dungeon
 11554 | D:10     | Found a staircase to the Orcish Mines.
 12036 | D:10     | Reached XP level 10. HP: 42/53 MP: 10/10
 12567 | D:11     | Noticed Psyche
 12781 | Lair:1   | Entered Level 1 of the Lair of Beasts
 12783 | Lair:1   | Noticed Joseph
 12804 | Lair:1   | Killed Joseph
 12805 | Lair:1   | Reached skill level 14 in Maces & Flails
 12805 | Lair:1   | Reached skill level 1 in Invocations
 12856 | Lair:1   | Noticed a cane toad
 12877 | Lair:1   | Killed a cane toad
 13094 | Lair:1   | Noticed a cane toad
 13279 | D:8      | Slain by a cane toad

Illustrated notes

Levels and vault maps discovered:
D:1:      erik_arrival_triangle_large, layout_basic, minmay_pentomino_x2
D:2:      layout_basic, serial_undead, serial_undead_a, serial_undead_b,
          serial_undead_f, serial_undead_c, serial_undead_a, serial_undead_c,
          dk_noncrumbling_4
D:3:      layout_rooms, bloody_trog, xom_teletrap_fun, uniq_robin
D:4:      layout_layer_cave, minmay_temple_entry_drinking_statues, serial_shops,
          nicolae_shop_crystal, shop, nicolae_shop_trees, shop,
          nicolae_ru_path_of_blood
D:5:      layout_layer_cave, gammafunk_ghost_necromancy, serial_shops, shop
D:6:      layout_basic, portal_sewer_entry_e
D:7:      layout_loops_ring
D:8:      layout_basic, david_lair_generic
D:9:      layout_rooms
D:10:     layout_roguey, orc_0_dummy
D:11:     layout_roguey, hex_large, uniq_psyche
Temple:   nicolae_temple_the_god_donut
Lair:1:   layout_chaotic_city, infiniplex_staircase_pool, uniq_gastronok,
          uniq_joseph

Skill      XL: |  1  2  3  4  5  6  7  8  9 10 |
---------------+-------------------------------+-----
Maces & Flails | 4 5 6 7 9 11 13 14 | 14.0
Invocations    | 3 |  3.9
Fighting       | |  2.1
Throwing       | |  1.7
Dodging        | |  2.4

Action                   |  1- 3 |  4- 6 |  7- 9 | 10-12 || total
-------------------------+-------+-------+-------+-------++-------
Melee: Flail             |    95 |   343 |   326 |       ||   764
       Whip              |       |       |   151 |   106 ||   257
Invok: Minor Destruction |       |       |     6 |     7 ||    13
Evoke: Wand              |       |       |    14 |     2 ||    16
  Use: Scroll            |     1 |     8 |     7 |     1 ||    17
       Potion            |       |     2 |     3 |     6 ||    11
 Stab: Sleeping          |       |       |     1 |     1 ||     2
Armor: Leather armour    |    42 |   184 |   162 |    33 ||   421
Dodge: Dodged            |    73 |   234 |   251 |    32 ||   590

Table legend: (Time is in decaauts)
 A = Elapsed time spent in this place.
 B = Non-inter-level travel time spent in this place.
 C = Inter-level travel time spent in this place.
 D = Time resting spent in this place.
 E = Time spent auto-exploring this place.
 F = Levels seen in this place.
 G = Mean time per level.
                   A        B        C        D        E       F      G
               +--------+--------+--------+--------+--------+-----+--------+
         Total |  13226 |  12776 |    450 |   4810 |   5803 |  14 |  944.7 |
       Dungeon |  12268 |  11827 |    441 |   4364 |   5545 |  11 | 1115.3 |
        Temple |    229 |    220 |      9 |      0 |    132 |   1 |  229.0 |
          Lair |    328 |    328 |      0 |    255 |     10 |   1 |  328.0 |
         Sewer |    400 |    400 |      0 |    190 |    115 |   1 |  400.0 |
               +--------+--------+--------+--------+--------+-----+--------+

Top non-repeatable levels by time:
     D:5: 1935 daAuts
     D:8: 1583 daAuts
     D:1: 1471 daAuts
     D:4: 1441 daAuts
    D:10: 1220 daAuts
     D:3: 1139 daAuts
     D:6: 991 daAuts
     D:2: 834 daAuts
     D:7: 824 daAuts
     D:9: 823 daAuts
   Sewer: 400 daAuts
  Lair:1: 328 daAuts
  Temple: 229 daAuts
    D:11: 1 daAuts
